 Dungeon Crawl Stone Soup version 0.13-a0-2995-g9a84c3d (console) character file.

273 5ubbak the Ducker (level 4, -1/23 HPs)
             Began as a Spriggan Abyssal Knight on Sept 8, 2013.
             Was a Priest of Lugonu.
             Killed from afar by Terence (7 damage)
             ... with a wand of flame
             ... on Level 3 of the Dungeon.
             The game lasted 00:09:03 (2514 turns).

5ubbak the Ducker (Spriggan Abyssal Knight)         Turns: 2514, Time: 00:09:04

HP  -1/23        AC  2     Str  8      XL: 4   Next: 68%
MP   9/9         EV 19     Int 13      God: Lugonu [***...]
Gold 158         SH  0     Dex 16      Spells:  0 memorised,  3 levels left

Res.Fire  : . . .   See Invis. : +   a - +2 short sword
Res.Cold  : . . .   Warding    : .   b - +0 robe
Life Prot.: . . .   Conserve   : .   (shield restricted)
Res.Poison: .       Res.Corr.  : .   d - +0 cap
Res.Elec. : .       Clarity    : .   (no cloak)
Sust.Abil.: . .     Spirit.Shd : .   (gloves unavailable)
Res.Mut.  : .       Stasis     : .   (boots unavailable)
Res.Rott. : .       Flight     : .   (no amulet)
Saprovore : . . .                    (no ring)
                                     (no ring)

@: very quick, slightly resistant to hostile enchantments, quite stealthy
A: unfitting armour, see invisible, herbivore 3, speed 3, slow metabolism 2
a: Depart the Abyss, Bend Space, Banish, Renounce Religion


You were on level 3 of the Dungeon.
You worshipped Lugonu.
Lugonu was greatly pleased with you.
You were not hungry.

You visited 1 branch of the dungeon, and saw 3 of its levels.
You visited the Abyss 1 time.

You collected 138 gold pieces.

Inventory:

Hand weapons
 a - a +2,+2 short sword (weapon)
Armour
 b - a +0 robe (worn)
 d - a +0 cap (worn)
Magical devices
 v - a wand of polymorph (8)
Comestibles
 f - a pear
 n - an apricot
 u - 2 bread rations
Scrolls
 e - a scroll of random uselessness {unknown}
 h - 4 scrolls of identify
 j - 2 scrolls of remove curse {unknown}
 l - a scroll of magic mapping {unknown}
 m - a scroll of curse jewellery {unknown}
 o - 2 scrolls of curse armour {unknown}
 p - a scroll of amnesia {unknown}
 q - a scroll of enchant armour {unknown}
 w - a scroll of teleportation {unknown}
 z - a scroll of recharging {unknown}
Jewellery
 t - an uncursed amulet of stasis
Potions
 c - a potion of porridge
 g - a potion of brilliance {unknown}
 i - 3 potions of curing {unknown}
 k - a potion of resistance {unknown}
 r - 2 potions of heal wounds {unknown}
 x - a potion of invisibility {unknown}
 A - a potion of restore abilities {unknown}
Books
 y - a book of Flames

   Spells                             Type                      Level
   Flame Tongue                       Conjuration/Fire             1
   Throw Flame                        Conjuration/Fire             2
   Conjure Flame                      Conjuration/Fire             3
   Inner Flame                        Hexes/Fire                   3
   Sticky Flame                       Conjuration/Fire             4
   Fireball                           Conjuration/Fire             5


   Skills:
 + Level 2.8 Fighting
 * Level 3.5 Short Blades
 + Level 4.3 Dodging
 + Level 4.0 Stealth
 + Level 1.7 Invocations
 + Level 0.0 Evocations


You had 3 spell levels left.
You didn't know any spells.

Dungeon Overview and Level Annotations

Branches:
Dungeon (3/27)

Altars:
Yredelemnul

Annotations:
D:3 Ladykiller69's ghost, weakling DgWz; Terence


Innate Abilities, Weirdness & Mutations

You are tiny and cannot use many weapons and most armour.
You have supernaturally acute eyesight.
You are a herbivore.
You cover ground extremely quickly.
You need consume almost no food.


Message History

You hit Terence but do no damage.
Terence is severely wounded.
Terence barely misses you.
You hit Terence but do no damage.
Terence is severely wounded.
Terence zaps a wand.
The puff of flame hits you!
One of your 5 scrolls of identify catches fire!
You hit Terence but do no damage.
Terence is severely wounded.
The hobgoblin closely misses you. Terence hits you with a flail.
You closely miss Terence.
Terence is severely wounded.
The hobgoblin misses you.
Terence zaps a wand.
The puff of flame misses you.
You closely miss Terence.
Terence is severely wounded.
The hobgoblin hits you with a club.
* * * LOW HITPOINT WARNING * * *
Terence zaps a wand.
The puff of flame hits you!
Your scroll labeled HOCOT NEEHUWNU catches fire!
You die...

###.....'..##........#
..'.....##..'........#
.##.....#####........#
###.....# #........#
####'## ##....#######
#...# #...........#
#.### #.####.####.# #.#
#.##.....## #.#
#.#.g@....#.#
###+#######.#.@.....#.#
#..............._.....#
##.........#.#.......#.#
.+....)..[...#.......#.#
##...........##.....## #
#...........####.####.#
#.........p...........#
#.........#######..+###


You could see Terence and a hobgoblin.

Vanquished Creatures
  6 adders
  A giant mite (D:1)
  A worm (D:2)
  3 giant geckos
  An ooze (D:2)
  6 ball pythons (D:2)
  5 hobgoblins
  2 quokkas (D:3)
  11 bats
  2 giant newts
  5 goblins
  5 kobolds
  7 rats
55 creatures vanquished.

Notes
Turn   | Place    | Note
--------------------------------------------------------------
     0 | Abyss:1  | 5ubbak, the Spriggan Abyssal Knight, began the quest for the Orb.
     0 | Abyss:1  | Reached XP level 1. HP: 11/11 MP: 2/2
    41 | Abyss:1  | Found a corrupted altar of Lugonu.
    90 | D:1      | Escaped the Abyss
   115 | D:1      | Reached skill level 1 in Stealth
   252 | D:1      | Reached XP level 2. HP: 15/15 MP: 4/4
   598 | D:2      | Acquired Lugonu's second power
   906 | D:2      | Reached XP level 3. HP: 18/18 MP: 6/6
  1016 | D:2      | +Dex
  1060 | D:2      | Reached skill level 4 in Stealth
  1118 | D:2      | Reached XP level 4. HP: 23/23 MP: 9/9
  1384 | D:2      | Acquired Lugonu's third power
  1843 | D:3      | Noticed Ladykiller69's ghost (weakling DgWz)
  2159 | D:3      | Found a basalt altar of Yredelemnul.
  2164 | D:3      | Noticed Terence
  2514 | D:3      | Killed from afar by Terence

Action                   |  1- 3 |  4- 6 || total
-------------------------+-------+-------++-------
Melee: Short sword       |    56 |    96 ||   152
Evoke: Wand              |       |     1 ||     1
  Use: Scroll            |     2 |       ||     2
 Stab: Sleeping          |     8 |     4 ||    12
       Distracted        |       |     2 ||     2
